 Dungeon Crawl Stone Soup version 0.22-a0-348-gd16d139 (webtiles) character file.

777 operationiv the Spear-Bearer (level 7, -4/63 HPs)
             Began as a Minotaur Monk on Apr 9, 2018.
             Killed from afar by minmay's ghost (12 damage)
             ... with a flame tongue
             ... on level 6 of the Dungeon.
             The game lasted 00:05:23 (5290 turns).

operationiv the Spear-Bearer (Minotaur Monk)        Turns: 5290, Time: 00:05:24

Health: -4/63      AC: 11    Str: 18    XL:     7   Next: 54%
Magic:  6/6        EV:  8    Int:  7    God:
Gold:   316        SH:  0    Dex: 12    Spells: 6/6 levels left

rFire    . . .     SeeInvis .   l - +0 trident
rCold    + . .     Gourm    .   (no shield)
rNeg     . . .     Faith    .   f - +0 chain mail
rPois    .         Spirit   .   (helmet unavailable)
rElec    .         Reflect  .   (no cloak)
rCorr    .         Harm     .   (no gloves)
MR       .....                  (no boots)
Stlth    ..........             r - amulet of magic regeneration {@e1}
HPRegen  0.20/turn              s - +2 ring of protection
MPRegen  0.35/turn              e - ring of protection from cold {rC+, !d}

@: no status effects
A: retaliatory headbutt, hooves 1, horns 3
a: no special abilities


You were on level 6 of the Dungeon.
You were very hungry.

You visited 1 branch of the dungeon, and saw 6 of its levels.

You collected 316 gold pieces.

Inventory:

Hand Weapons
 l - a +0 trident (weapon)
   (You found it on level 3 of the Dungeon)
Armour
 b - a +0 robe
 f - a +0 chain mail (worn)
   (You took it off an orc on level 4 of the Dungeon)
 i - a +0 pair of gloves
   (You found it on level 2 of the Dungeon)
 p - a cursed -2 leather armour
   (You took it off an orc on level 4 of the Dungeon)
Jewellery
 e - a ring of protection from cold (right hand) {rC+, !d}
   (You found it on level 2 of the Dungeon)
 r - an amulet of magic regeneration (around neck) {@e1}
   (You found it on level 5 of the Dungeon)
 s - a +2 ring of protection (left hand)
   (You found it on level 5 of the Dungeon)
 t - an uncursed ring of stealth {unknown}
   (You found it on level 5 of the Dungeon)
Scrolls
 d - 8 scrolls of identify {unknown}
 g - 4 scrolls of remove curse {unknown}
 j - 4 scrolls of enchant armour {unknown}
 k - a scroll of immolation {unknown}
 m - a scroll of magic mapping {unknown}
 n - a scroll of teleportation {unknown}
 q - a scroll of enchant weapon {unknown}
 w - a scroll of amnesia {unknown}
Potions
 u - a potion of flight
 v - a potion of curing
Comestibles
 c - 8 rations {@e1}


   Skills:
 + Level 6.1 Fighting
 * Level 8.1 Polearms
 + Level 4.7 Armour
 - Level 3.2 Dodging
 - Level 1.5 Stealth


You had 6 spell levels left.
You didn't know any spells.

Dungeon Overview and Level Annotations

Branches:
Dungeon (6/15)
 Temple: D:4-7

Altars:
Cheibriados
Gozag
Hepliaklqana
Nemelex Xobeh
Sif Muna
Vehumet
Wu Jian
Xom

Shops:
D:2 *

Annotations:
D:2 1 runed door
D:6 Prince Ribbit; minmay's ghost, novice DrFE


Innate Abilities, Weirdness & Mutations

You reflexively headbutt those who attack you in melee.
You have a pair of large horns on your head.
You have large cloven feet.


Message History

The orc wizard hits you but does no damage.
The orc wizard hits you with a dagger.
You take 3 damage, and have 43/63 hp.
You miss the orc wizard. Your headbutt misses the orc wizard.
The orc wizard hits you but does no damage.
The orc wizard casts a spell.
The orc wizard seems to speed up.
You are starving!
You hit the orc wizard but do no damage.
The orc wizard looks satisfied for a moment.
The orc wizard barely misses you.
Your chain mail prevents you from hitting the orc wizard.
You headbutt the orc wizard, but do no damage.
The orc wizard barely misses you.
The orc wizard points at you and mumbles some strange words.
The puff of flame hits you! The orc wizard closely misses you.
You take 6 damage, and have 38/63 hp.
Unknown command.
You miss the orc wizard. You kick the orc wizard. You headbutt the orc wizard!
The orc wizard hits you but does no damage. x2
You hit the orc wizard. You headbutt the orc wizard.
The orc wizard hits you but does no damage.
The orc wizard barely misses you.
You hit the orc wizard but do no damage.
The orc wizard hits you but does no damage. x3
You hit the orc wizard.
You kill the orc wizard!
Your Polearms skill increases to level 8!
The orc wizard hits you but does no damage.
You puncture the orc wizard! The orc wizard hits you with a dagger.
You take 4 damage, and have 35/63 hp.
You puncture the orc wizard!
You kill the orc wizard!
Things that are here:
a dagger; a robe
y - a trident of distortion {!w}
Things that are here:
a flail; an orc corpse
z - a flail You butcher the orc corpse.
Things that are here:
a dagger; a robe There isn't anything to butcher here.
There isn't anything here!
Things that are here:
a falchion; a leather armour
Things that are here:
a dagger; a robe There isn't anything to butcher here.
Things that are here:
a dagger; a robe
A - a chunk of flesh {@w0} You're too hungry to rest.
You drop an antimagic dagger.
You drop a flail of venom.
You drop a flail.
Tossing away (i - inventory)
y - a trident of distortion {!w}
Okay, then.
You drop a trident of distortion {!w}.
You drop a +0 spear.
You drop a whip of venom.
You need to eat something NOW!
You need to eat something NOW!
Eating a chunk of flesh {@w0}.
You eat the chunk of flesh {@w0}.
You are feeling very hungry.
No target in view!
Things that are here:
a falchion; a leather armour You now have 316 gold pieces (gained 12).
Found a radiant altar of Vehumet.
You regained 4 hp, and now have 43/63 hp.
You see here 24 stones.
Minmay's ghost (novice Red Draconian Fire Elementalist) comes into view.
It is wielding a weapon of electrocution.
Found a stone staircase leading down.
You regained 5 hp, and now have 48/63 hp.
You barely miss minmay's ghost. You headbutt minmay's ghost.
Minmay's ghost hits you but does no damage.
You are electrocuted!
You take 12 damage, and have 36/63 hp.
You are too injured to fight recklessly!
Unknown command.
You are too injured to fight recklessly!
Unknown command.
You are too injured to fight recklessly!
You barely miss minmay's ghost. Minmay's ghost barely misses you.
You closely miss minmay's ghost. You kick minmay's ghost.
Minmay's ghost barely misses you.
You completely miss minmay's ghost. Your kick misses minmay's ghost.
Your chain mail prevents you from hitting minmay's ghost.
You kick minmay's ghost. Minmay's ghost hits you.
You are electrocuted!
You take 10 damage, and have 27/63 hp.
Minmay's ghost hits you.
You are electrocuted!
* * * LOW HITPOINT WARNING * * *
You take 20 damage, and have 7/63 hp.
MASSIVE DAMAGE!!
Minmay's ghost casts a spell at you. The flame tongue hits you!
You die...

....##..)))......#
###.........#
#.#.# #.........#
#.#.# ##.#...####
#.#.##### #.#...##
#.#...... #......#
#........
###.#..## #......
#.#...### #..>#
#.#.#.@.#####.#
#.#.....W.....#
#.#..#######..#
#....# ### #..#
###..#######..#
#....+_+....#
#..###+###(.# ##.#
#.# #..#
#.###.###..#


You could see minmay's ghost.

Vanquished Creatures
  Edmund (D:5)
  2 scorpions
  A crimson imp (D:5)
  3 hounds (D:4)
  2 orc priests
  6 orc wizards
  2 worker ants (D:4)
  A hound skeleton (D:5)
  A howler monkey skeleton (D:5)
  5 adders
  A worm (D:2)
  4 dart slugs
  A leopard gecko (D:1)
  17 orcs
  A giant cockroach (D:1)
  5 goblins
  6 hobgoblins
  14 jackals
  7 bats
  6 frilled lizards
  A jackal skeleton (D:4)
  2 kobolds
  A quokka skeleton (D:4)
  2 rats (D:1)
92 creatures vanquished.

Notes
Turn   | Place    | Note
-------+----------+-------------------------------------------
     0 | D:1      | operationiv the Minotaur Monk began the quest for the Orb.
     0 | D:1      | Reached XP level 1. HP: 19/19 MP: 0/0
   145 | D:1      | Reached skill level 4 in Polearms
   221 | D:1      | Reached XP level 2. HP: 23/27 MP: 1/1
   289 | D:1      | Reached skill level 1 in Armour
   578 | D:1      | Reached skill level 4 in Fighting
   930 | D:2      | Reached XP level 3. HP: 33/33 MP: 2/2
  1140 | D:2      | Found a runed door.
  1173 | D:2      | HP: 8/33 [poisoned by an adder]
  1174 | D:2      | Gained mutation: You have a pair of large horns on your head. [potion of mutation]
  1174 | D:2      | Gained mutation: You have large cloven feet. [potion of mutation]
  1656 | D:2      | Found Gozag's Platinum Reserve.
  1656 | D:2      | Found an opulent altar of Gozag.
  1687 | D:2      | Reached skill level 2 in Armour
  1687 | D:2      | Reached XP level 4. HP: 39/40 MP: 3/3
  1725 | D:2      | Reached skill level 5 in Polearms
  1872 | D:2      | Found a sparkling altar of Nemelex Xobeh.
  2033 | D:3      | Found a sparkling altar of Nemelex Xobeh.
  2036 | D:3      | Found a snail-covered altar of Cheibriados.
  2041 | D:3      | Found a shimmering altar of Xom.
  2044 | D:3      | Found a hazy altar of Hepliaklqana.
  2234 | D:3      | Found an ornate altar of the Wu Jian Council.
  2406 | D:3      | Found a deep blue altar of Sif Muna.
  2935 | D:4      | Reached XP level 5. HP: 21/47 MP: 4/4
  2947 | D:4      | HP: 11/47 [poisoned by a worker ant]
  2954 | D:4      | HP: 9/47 [poisoned by a worker ant]
  2961 | D:4      | HP: 8/47 [poisoned by a worker ant]
  2969 | D:4      | HP: 7/47 [poisoned by a worker ant]
  3366 | D:4      | Reached skill level 6 in Polearms
  3366 | D:4      | Reached skill level 3 in Armour
  3370 | D:4      | Reached skill level 5 in Fighting
  3402 | D:4      | Reached XP level 6. HP: 56/56 MP: 5/5
  3658 | D:4      | Reached skill level 7 in Polearms
  3959 | D:5      | Entered Level 5 of the Dungeon
  3967 | D:5      | Noticed Edmund
  3985 | D:5      | HP: 13/56 [poisoned by Edmund]
  3986 | D:5      | HP: 5/56 [Edmund/flail of venom (4)]
  3987 | D:5      | HP: 2/56 [poisoned by Edmund]
  3990 | D:5      | Killed Edmund
  3990 | D:5      | Reached skill level 4 in Armour
  3990 | D:5      | Reached XP level 7. HP: 12/62 MP: 6/6
  3995 | D:5      | HP: 12/62 [hound skeleton (1)]
  4964 | D:6      | Reached skill level 6 in Fighting
  4998 | D:6      | Noticed Prince Ribbit
  5212 | D:6      | Reached skill level 8 in Polearms
  5252 | D:6      | Found a radiant altar of Vehumet.
  5278 | D:6      | Noticed minmay's ghost (novice DrFE)
  5286 | D:6      | HP: 7/63 [minmay's ghost (18)]
  5290 | D:6      | Killed from afar by minmay's ghost

Vault maps used:
D:1:      kilobyte_arrival_exit_the_forest, minivault_26
D:2:      nicolae_gozag_zags_fifth_avenue, serial_corexii_hall,
          corexii_hall_statues_x, corexii_hall_statues_l,
          nemelex_spade_bored_becter, uniq_crazy_yiuf_cottage
D:3:      old_standard_altar, minitemple, tgw_sif
D:5:      first_ration, uniq_edmund
D:6:      lemuel_doored_altar, minmay_misc_feat_iff, uniq_prince_ribbit1,
          uniq_grinder

Skill      XL: |  1  2  3  4  5  6  7 |
---------------+----------------------+-----
Polearms       | 4 5 6 7 8 |  8.1
Armour         | 1 2 3 4 |  4.7
Fighting       | 4 5 6 |  6.1
Dodging        | |  3.2
Stealth        | |  1.5

Action                   |  1- 3 |  4- 6 |  7- 9 || total
-------------------------+-------+-------+-------++-------
Melee: Spear             |   102 |    22 |       ||   124
       Headbutt          |    10 |    20 |    12 ||    42
       Kick              |     4 |    34 |    14 ||    52
       Trident           |       |   104 |    62 ||   166
  Use: Potion            |     4 |     2 |       ||     6
 Stab: Sleeping          |     4 |     3 |       ||     7
  Eat: Chunk             |     2 |     4 |     3 ||     9
       Ration            |       |     1 |       ||     1
Armor: Robe              |     8 |     3 |       ||    11
       Chain mail        |       |    17 |    28 ||    45
Dodge: Dodged            |    42 |    32 |    20 ||    94

Table legend:
 A = Spawn XP
 B = Non-spawn XP
 C = Spawn XP percentage of total XP
 D = Spawn monster count
 E = Non-spawn monster count
 F = Spawn count percentage of total count
 G = Total turns spent on level
                    A         B        C        D         E        F      G
               +---------+---------+-------+---------+---------+-------+---------
         Total |       0 |    1111 |   0.0 |       0 |      92 |   0.0 |  5290
               +---------+---------+-------+---------+---------+-------+---------
           D:1 |       0 |      39 |   0.0 |       0 |      21 |   0.0 |   909
           D:2 |       0 |      67 |   0.0 |       0 |      17 |   0.0 |  1112
           D:3 |       0 |     116 |   0.0 |       0 |      10 |   0.0 |  1041
           D:4 |       0 |     430 |   0.0 |       0 |      29 |   0.0 |   897
           D:5 |       0 |     263 |   0.0 |       0 |       9 |   0.0 |  1120
           D:6 |       0 |     196 |   0.0 |       0 |       6 |   0.0 |   211
               +---------+---------+-------+---------+---------+-------+---------

Vault maps used:
D:1:      kilobyte_arrival_exit_the_forest, minivault_26
D:2:      nicolae_gozag_zags_fifth_avenue, serial_corexii_hall,
          corexii_hall_statues_x, corexii_hall_statues_l,
          nemelex_spade_bored_becter, uniq_crazy_yiuf_cottage
D:3:      old_standard_altar, minitemple, tgw_sif
D:5:      first_ration, uniq_edmund
D:6:      lemuel_doored_altar, minmay_misc_feat_iff, uniq_prince_ribbit1,
          uniq_grinder

Table legend:
 A = Turns spent in this place as a percentage of turns spent in the entire game.
 B = Non-inter-level travel turns spent in this place as a percentage of non-inter-level travel turns spent in the entire game.
 C = Inter-level travel turns spent in this place as a percentage of turns spent in this place.
 D = Turns resting spent in this place as a percentage of non-inter-level travel turns spent in this place.
 E = Turns spent auto-exploring this place as a percentage of non-inter-level travel turns spent in this place.
 F = Non-inter-level travel turns spent in this place divided by the number of levels of this place that you've seen.
                   A       B       C       D       E      F
               +-------+-------+-------+-------+-------+----------------------
         Total | 100.0 | 100.0 |   5.0 |  28.9 |  58.5 | 837.3
       Dungeon | 100.0 | 100.0 |   5.0 |  28.9 |  58.5 | 837.3
               +-------+-------+-------+-------+-------+----------------------

Table legend:
 A = Kills in this place as a percentage of kills in entire the game.
 B = Kills by you in this place as a percentage of kills by you in the entire game.
 C = Kills by friends in this place as a percentage of kills by friends in the entire game.
 D = Other kills in this place as a percentage of other kills in the entire game.
 E = Experience gained in this place as a percentage of experience gained in the entire game.
 F = Experience gained in this place divided by the number of levels of this place that you have seen.
                   A       B       C       D       E      F
               +-------+-------+-------+-------+-------+----------------------
         Total | 100.0 | 100.0 |   N/A |   N/A | 100.0 | 185.2
       Dungeon | 100.0 | 100.0 |   N/A |   N/A | 100.0 | 185.2
               +-------+-------+-------+-------+-------+----------------------
